 Dungeon Crawl Stone Soup version 0.27.1 (webtiles) character file.

Game seed: 15910852007764171525

410 jlumianski the Chopper (level 6, 0/56 HPs)
             Began as a Deep Dwarf Fighter on Aug 29, 2021.
             Slain by Edmund (16 damage)
             ... on level 4 of the Dungeon.
             The game lasted 00:15:29 (2864 turns).

jlumianski the Chopper (Deep Dwarf Fighter)         Turns: 2864, Time: 00:15:30

Health: 0/56       AC:  9    Str: 21    XL:     6   Next: 58%
Magic:  6/6        EV: 13    Int:  8    God:
Gold:   222        SH: 10    Dex: 15    Spells: 5/5 levels left

rFire    . . .     SeeInvis .   a - +0 war axe
rCold    . . .     Faith    .   c - +0 kite shield
rNeg     . . .     Spirit   .   b - +0 scale mail
rPois    .         Reflect  .   o - +0 helmet
rElec    .         Harm     .   v - +0 cloak
rCorr    .         Rampage  .   (no gloves)
Will     .....                  (no boots)
Stlth    +.........             (no amulet)
HPRegen  0.00/turn              i - ring of flight
MPRegen  0.10/turn              p - +4 ring of evasion

@: flying
A: damage resistance, heal wounds, sense surroundings 1, no regeneration, agile
1, sturdy frame 1
a: Heal Wounds


You were on level 4 of the Dungeon.
You visited 1 branch of the dungeon, and saw 4 of its levels.

You collected 222 gold pieces.

Inventory:

Hand Weapons
 a - a +0 war axe (weapon)
 u - a +2 quarterstaff of chaos
 z - a +0 hunting sling
Missiles
 l - 310 stones (quivered)
Armour
 b - a +0 scale mail (worn)
 c - a +0 kite shield (worn)
 o - a +0 helmet (worn)
 v - a +0 cloak (worn)
 E - a +2 scale mail of fire resistance
Jewellery
 i - a ring of flight (left hand)
 p - a +4 ring of evasion (right hand)
 y - a +6 ring of intelligence
Wands
 m - a wand of polymorph (8)
 A - a wand of paralysis (5)
Scrolls
 f - 3 scrolls of identify
 g - a scroll of silence {unknown}
 h - a scroll of amnesia {unknown}
 j - a scroll of acquirement {unknown}
 q - a scroll of torment {unknown}
 s - a scroll of magic mapping
 x - 2 scrolls of fear
 C - a scroll of enchant weapon {unknown}
 D - a scroll of brand weapon {unknown}
Potions
 d - a potion of might
 e - a potion of degeneration
 k - a potion of heal wounds
 n - a potion of mutation
 r - a potion of resistance
 t - a potion of curing {unknown}
 w - a potion of magic {unknown}
 B - a potion of attraction


   Skills:
 + Level 3.3 Fighting
 + Level 5.3 Axes
 + Level 0.2 Throwing
 + Level 4.4 Armour
 + Level 1.5 Dodging
 + Level 0.1 Stealth
 + Level 4.9 Shields


You had 5 spell levels left.
You didn't know any spells.
Your spell library contained the following spells:

 Spells                   Type           Power      Damage    Failure   Level
 Animate Skeleton         Necr           0%         N/A       96%         1
 Pain                     Necr           0%         1d4       96%         1
 Dazzling Flash           Conj/Hex       0%         N/A       100%        3
 Vampiric Draining        Necr           0%         2d6       100%        3
 Agony                    Necr           0%         N/A       100%        5
 Silence                  Hex/Air        0%         N/A       100%        5


Dungeon Overview and Level Annotations

Branches:
Dungeon (4/15)
 Temple: D:4-7

Altars:
Ashenzari

Annotations:
D:4 Edmund


Innate Abilities, Weirdness & Mutations

You are resistant to damage.
You can heal yourself by infusing magical energy.
You passively map a small area around you.
You do not regenerate.
You are agile. (Dex +2)
Your movements are slightly less encumbered by armour. (ER -2)


Message History

You closely miss the water moccasin skeleton.
The water moccasin skeleton is lightly damaged.
You block the water moccasin skeleton's attack. x2
You slash the water moccasin skeleton!
The water moccasin skeleton is heavily damaged.
You block the water moccasin skeleton's attack.
The water moccasin skeleton barely misses you.
You slash the water moccasin skeleton!
The water moccasin skeleton is almost destroyed.
You block the water moccasin skeleton's attack.
You slash the water moccasin skeleton!
You destroy the water moccasin skeleton!
Found a stone staircase leading down.
A hound skeleton comes into view.
Found a yellow potion.
The hound skeleton bites you but does no damage.
You hit the hound skeleton.
The hound skeleton is moderately damaged.
The hound skeleton barely misses you. The hound skeleton closely misses you.
Your shield prevents you from hitting the hound skeleton.
The hound skeleton is moderately damaged.
You block the hound skeleton's attack. The hound skeleton misses you.
Your shield and scale mail prevent you from hitting the hound skeleton.
The hound skeleton is moderately damaged.
You block the hound skeleton's attack.
The hound skeleton bites you but does no damage.
You slash the hound skeleton!
You destroy the hound skeleton!
Edmund the Younger comes into view.
He is wielding a +4 vorpal flail.
Edmund shouts!
A kobold comes into view. It is wielding a +0 dagger.
The kobold shouts!
Edmund hits you with a +4 vorpal flail!
You closely miss Edmund.
Edmund drinks a potion.
Edmund goes berserk!
You hit Edmund.
Edmund is lightly wounded.
Edmund hits you with a +4 vorpal flail!
* * * LOW HITPOINT WARNING * * *
Edmund hits you with a +4 vorpal flail!
You die...

.
#######.###
# ,
..........#
..........#
,
,..........#
,
,..........#
..>.......#
..........#
,
..........#
* ,
,...K...@..#
,
......!@..#
..........#
,..........#
..........#
,
..........#
..........#
.#.########


You could see Edmund (berserk) and a kobold.

Vanquished Creatures
  A water moccasin skeleton (D:4)
  A jelly (D:4)
  Crazy Yiuf (D:2)
  A hound (D:4)
  An orc priest (D:3)
  Ijyb (D:3)
  Jessica (D:2)
  An orc wizard (D:3)
  A hound skeleton (D:4)
  Robin (D:1)
  3 adders
  2 worms
  A dart slug (D:3)
  8 orcs
  5 bats
  6 endoplasms
  A giant cockroach (D:1)
  17 goblins
  11 hobgoblins
  7 jackals
  8 kobolds
  3 quokkas
  6 ball pythons
  4 frilled lizards
  6 rats
98 creatures vanquished.

Notes
Turn   | Place    | Note
-------+----------+-------------------------------------------
     0 | D:1      | jlumianski the Deep Dwarf Fighter began the quest for the
                  | Orb.
     0 | D:1      | Reached XP level 1. HP: 20/20 MP: 1/1
   195 | D:1      | Reached XP level 2. HP: 18/27 MP: 2/2
   761 | D:2      | Noticed Robin
   774 | D:2      | Reached XP level 3. HP: 21/33 MP: 3/3
   781 | D:1      | Killed Robin
   918 | D:2      | Noticed Jessica
   946 | D:2      | Killed Jessica
   947 | D:2      | Reached skill level 3 in Axes
   947 | D:2      | Reached XP level 4. HP: 40/42 MP: 4/4
  1221 | D:2      | Gained mutation: Your movements are slightly less
                  | encumbered by armour. (ER -2) [potion of mutation]
  1221 | D:2      | Gained mutation: You are agile. (Dex +2) [potion of
                  | mutation]
  1284 | D:2      | Found a runed translucent door.
  1285 | D:2      | Noticed Crazy Yiuf
  1355 | D:2      | Killed Crazy Yiuf
  1403 | D:3      | Reached XP level 5. HP: 37/49 MP: 5/5
  1708 | D:3      | Reached skill level 4 in Axes
  1745 | D:3      | Reached skill level 1 in Dodging
  1779 | D:3      | Found a broken altar of Ashenzari.
  2047 | D:3      | Found a faded altar of an unknown god.
  2400 | D:3      | Noticed Ijyb
  2420 | D:3      | Paralysed by Ijyb for 3 turns
  2426 | D:3      | Killed Ijyb
  2427 | D:3      | Reached XP level 6. HP: 28/56 MP: 6/6
  2719 | D:4      | Reached skill level 5 in Axes
  2859 | D:4      | Noticed Edmund
  2864 | D:4      | Slain by Edmund

Illustrated notes

Levels and vault maps discovered:
D:1:      dpeg_arrival_rooms_with_view, layout_basic
D:2:      layout_rooms, uniq_robin, uniq_crazy_yiuf_cottage, uniq_jessica
D:3:      kennysheep_goblin_castle, layout_basic, ashenzari_conservatory_becter,
          shapermc_ecumenical_altar_mp_highgroup, uniq_ijyb
D:4:      layout_basic, gammafunk_ghost_split, serial_shops,
          nicolae_shop_behind_doors, uniq_edmund, uniq_grinder

Skill      XL: |  1  2  3  4  5  6 |
---------------+-------------------+-----
Fighting       | 3 |  3.3
Shields        | 4 |  4.9
Axes           | 3 4 5 |  5.3
Armour         | 4 |  4.4
Dodging        | 1 |  1.5
Throwing       | |  0.2
Stealth        | |  0.1

Action                   |  1- 3 |  4- 6 || total
-------------------------+-------+-------++-------
Melee: War axe           |   111 |   182 ||   293
Throw: Stone             |     6 |    12 ||    18
 Abil: Heal Wounds       |     1 |     2 ||     3
  Use: Potion            |       |     4 ||     4
       Scroll            |       |     3 ||     3
Armor: Scale mail        |    60 |    61 ||   121
Dodge: Dodged            |    54 |    95 ||   149
Block: Kite shield       |    84 |    97 ||   181
